 Dungeon Crawl Stone Soup version 0.24.0-13-gcf9b319 (webtiles) character file.

Game seed: 3600868425888125471, levelgen mode: deterministic

288 Balder the Charmwright (level 6, -12/39 HPs)
             Began as a Halfling Skald on Dec 23, 2019.
             Mangled by an ogre
             ... wielding a +0 giant club
              (27 damage)
             ... on level 4 of the Dungeon.
             The game lasted 00:17:14 (3061 turns).

Balder the Charmwright (Halfling Skald)             Turns: 3061, Time: 00:17:14

Health: -12/39     AC:  9    Str: 14    XL:     6   Next: 57%
Magic:  8/8        EV: 13    Int: 11    God:
Gold:   164        SH:  0    Dex: 14    Spells: 7/8 levels left

rFire    . . .     SeeInvis .   a - +0 short sword
rCold    . . .     Gourm    .   (shield restricted)
rNeg     . . .     Faith    .   j - +0 scale mail
rPois    .         Spirit   .   r - +0 helmet
rElec    .         Reflect  .   n - +0 cloak
rCorr    .         Harm     .   (no gloves)
MR       .....                  (no boots)
Stlth    +.........             (no amulet)
HPRegen  0.13/turn              (no ring)
MPRegen  0.11/turn              (no ring)

@: no status effects
A: small, mutation resistance 1
a: no special abilities


You were on level 4 of the Dungeon.
You were not hungry.

You visited 1 branch of the dungeon, and saw 4 of its levels.

You collected 164 gold pieces.

Inventory:

Hand Weapons
 a - a +0 short sword (weapon)
Missiles
 i - 14 poisoned darts (quivered)
Armour
 b - a +0 leather armour
 j - a +0 scale mail (worn)
 n - a +0 cloak (worn)
 r - a +0 helmet (worn)
Wands
 m - a wand of random effects (16)
Scrolls
 c - a scroll of fear {unknown}
 f - 6 scrolls of teleportation {unknown}
 g - 5 scrolls of identify {unknown}
 k - a scroll of fog {unknown}
 l - 2 scrolls of amnesia {unknown}
 o - a scroll of magic mapping {unknown}
 p - a scroll of enchant weapon {unknown}
 s - a scroll of immolation {unknown}
 t - a scroll of remove curse {unknown}
Potions
 e - a potion of might
 h - a potion of degeneration {unknown}
 q - a potion of flight {unknown}
Comestibles
 d - 6 rations
 u - 2 chunks of flesh


   Skills:
 * Level 2.2 Fighting
 * Level 4.1 Short Blades
 * Level 1.4 Throwing
 * Level 3.0 Armour
 * Level 3.5 Dodging
 * Level 1.7 Stealth
 + Level 1.7 Spellcasting
 * Level 4.2 Charms


You had 7 spell levels left.
You knew the following spells:

 Your Spells              Type           Power        Failure   Level  Hunger
a - Infusion              Chrm           ##..         22%         1    ##.....

Your spell library contained the following spells:

 Spells                   Type           Power        Failure   Level  Hunger
 Song of Slaying          Chrm           ##......     32%         2    ###....
 Shroud of Golubria       Chrm/Tloc      #.....       61%         2    ###....
 Regeneration             Chrm/Necr      #.........   83%         3    ####...
 Spectral Weapon          Hex/Chrm       #.......     83%         3    ####...


Dungeon Overview and Level Annotations

Branches:
Dungeon (4/15)
 Temple: D:4-7

Altars:
Uskayaw
The Shining One


Innate Abilities, Weirdness & Mutations

You are small and have problems with some larger weapons.
You are somewhat resistant to further mutation.


Message History

The leopard gecko bites you but does no damage.
You hit the leopard gecko.
The leopard gecko is heavily wounded.
The leopard gecko bites you.
You hit the leopard gecko.
You kill the leopard gecko!
You hit the ogre.
The ogre is lightly wounded.
The ogre closely misses you.
You hit the ogre.
The ogre is moderately wounded.
You hit the ogre.
The ogre is moderately wounded.
The ogre hits you with a +0 giant club!!
Ouch! That really hurt!
You hit the ogre.
The ogre is heavily wounded.
The ogre hits you with a +0 giant club!!
Ouch! That really hurt!
You die...

### ### ## ##.## #.# .#
##...###.# .####
#.....##.# ....
#........# ..#####
#.....######.......
##########......@O....#
.....##....#######'##.#
####.##>######...#.# .#
#.........#.#.#.# .#
####.######.#.#.# .#
#.# #.#.#.# .. #.#
#.#...# ## #^# #.#####
#.# #.#...#


You could see an ogre.

Vanquished Creatures
  An orc priest (D:4)
  An orc wizard (D:4)
  Ijyb (D:4)
  Terence (D:3)
  Robin (D:3)
  A howler monkey skeleton (D:3)
  3 gnolls (D:4)
  3 adders
  A worm (D:2)
  2 dart slugs
  4 leopard geckos
  8 orcs
  2 ball pythons
  5 bats
  3 giant cockroaches
  19 goblins
  5 hobgoblins
  3 jackals (D:2)
  3 quokkas
  4 frilled lizards
  6 kobolds
  7 rats
84 creatures vanquished.

Vanquished Creatures (others)
  A leopard gecko (D:3)
1 creature vanquished.

Grand Total: 85 creatures vanquished

Notes
Turn   | Place    | Note
-------+----------+-------------------------------------------
     0 | D:1      | Balder the Halfling Skald began the quest for the Orb.
     0 | D:1      | Reached XP level 1. HP: 14/14 MP: 3/3
   324 | D:1      | Reached XP level 2. HP: 18/19 MP: 4/4
   578 | D:1      | Reached XP level 3. HP: 24/24 MP: 5/5
   972 | D:2      | Found a glowing golden altar of the Shining One.
  1211 | D:2      | Reached skill level 1 in Stealth
  1280 | D:2      | Reached XP level 4. HP: 21/29 MP: 6/6
  1734 | D:3      | Found a hide-covered altar of Uskayaw.
  1802 | D:3      | Noticed Terence
  1839 | D:3      | Killed Terence
  1839 | D:3      | Reached XP level 5. HP: 27/34 MP: 5/7
  2026 | D:3      | Noticed Robin
  2106 | D:3      | Killed Robin
  2106 | D:3      | Reached skill level 1 in Throwing
  2476 | D:4      | Reached XP level 6. HP: 12/39 MP: 8/8
  2785 | D:4      | Noticed Ijyb
  2823 | D:4      | Killed Ijyb
  3049 | D:4      | Noticed an ogre
  3061 | D:4      | Mangled by an ogre

Levels and vault maps discovered:
D:1:      matt_arrival_los_fun, layout_loops_ring, minivault_25
D:2:      layout_rooms, first_ration, nicolae_tso_carved_into_rock
D:3:      layout_rooms, lemuel_doored_altar, uniq_terence, uniq_robin
D:4:      layout_loops_ring, lemuel_coloured_pillars_altar,
          roderic_serpentine_path, grunt_dithmenos_shadows, uniq_grinder,
          uniq_ijyb

Skill      XL: |  1  2  3  4  5  6 |
---------------+-------------------+-----
Stealth        | 1 |  1.7
Armour         | 2 3 |  3.0
Short Blades   | 3 4 |  4.1
Fighting       | 2 |  2.2
Dodging        | 3 |  3.5
Charms         | 4 |  4.2
Throwing       | 1 |  1.4
Spellcasting   | |  1.7

Action                   |  1- 3 |  4- 6 || total
-------------------------+-------+-------++-------
Melee: Short sword       |   155 |   328 ||   483
 Cast: Infusion          |       |     4 ||     4
  Use: Potion            |       |     5 ||     5
  Eat: Chunk             |     1 |     5 ||     6
       Ration            |       |     1 ||     1
Armor: Leather armour    |    38 |     9 ||    47
       Scale mail        |       |    70 ||    70
Dodge: Dodged            |   131 |   195 ||   326
